AoeStats
← bleakshadow

Highland

505657137Analyzed
4v4 RM · 23d ago on Sep 10, 2026· 33m 38s· 8 players
Game mode
Random Map
Map size
Large (8 player)
Population
200
Speed
Normal
Resources
Standard
Victory
Conquest
Starting age
Dark Age
Ending age
Imperial Age
RankedLock teamsTeams togetherTeam positionsShared explorationLock speedFull tech treeHidden civsTurbo modeCheats
Victory
Defeat
🇨🇳 Vietnamese · China
1447
+14
🇨🇳 Georgians · China
1436
+14
🇪🇸 Spanish · Spain
1429
+15
🇫🇮 Jurchens · Finland
1395
+17
🇦🇺 Bengalis · Australia
1433
-16
🇨🇳 Gurjaras · China
1404
-15
🇨🇳 Ethiopians · China
1400
-15
🇮🇳 Hindustanis · India
1371
-14
bleakshadow
7:22 Loom
9:24 Feudal Age
10:04 Double-Bit Axe
15:22 Fletching
18:08 Padded Archer Armor
19:21 Horse Collar
23:10 Wheelbarrow
26:29 Castle Age
Mozenrath
6:39 Loom
9:38 Feudal Age
12:56 Horse Collar
13:05 Double-Bit Axe
15:47 Castle Age
17:15 Wheelbarrow
16:53 Bow Saw
17:08 Heavy Plow
21:30 Scale Barding Armor
24:31 Forging
25:02 Husbandry
26:04 Bloodlines
26:48 Fletching
27:40 Chain Barding Armor
28:24 Hand Cart
31:15 Town Watch
32:54 Gold Mining
32:55 Stone Mining
33:42 Iron Casting
yui
5:08 Loom
11:29 Feudal Age
12:03 Double-Bit Axe
19:01 Castle Age
17:34 Fishing Lines
20:52 Town Watch
21:42 Wheelbarrow
24:15 Scale Barding Armor
26:19 Chain Barding Armor
29:59 Bloodlines
32:39 Medium Warships
33:08 Husbandry
commandokris
10:32 Feudal Age
14:30 Castle Age
12:38 Double-Bit Axe
12:52 Horse Collar
14:23 Loom
16:06 Bow Saw
16:52 Heavy Plow
22:28 Fletching
23:27 Padded Archer Armor
26:07 Bodkin Arrow
28:09 Ballistics
28:25 Leather Archer Armor
29:26 Bloodlines
29:16 Husbandry
30:11 Gold Mining
30:11 Stone Mining
31:30 Paiks
涅槃重生
6:07 Loom
9:22 Feudal Age
13:28 Fletching
14:41 Padded Archer Armor
16:49 Double-Bit Axe
19:10 Horse Collar
24:41 Castle Age
23:22 Gold Mining
25:28 Bodkin Arrow
24:54 Crossbowman
25:46 Town Watch
27:10 Ballistics
27:53 Wheelbarrow
28:16 Bow Saw
29:05 Leather Archer Armor
32:32 Stone Mining
33:14 Thumb Ring
old f1sh
8:21 Loom
11:40 Feudal Age
15:34 Castle Age
13:22 Double-Bit Axe
14:19 Horse Collar
15:41 Bloodlines
16:09 Scale Barding Armor
24:52 Chain Barding Armor
26:38 Wheelbarrow
27:45 Bow Saw
27:58 Gold Mining
28:58 Husbandry
31:25 Forging
31:35 Heavy Plow
Yasuo, the Unforgiven
1:26 Loom
10:13 Feudal Age
10:46 Double-Bit Axe
16:05 Castle Age
15:22 Gold Mining
15:13 Horse Collar
20:50 Fletching
22:13 Bodkin Arrow
24:10 Ballistics
23:54 Padded Archer Armor
26:29 Sanctity
28:01 Bloodlines
29:16 Heavy Plow
29:24 Husbandry
29:56 Bow Saw
31:07 Wheelbarrow
30:50 Scale Mail Armor
31:05 Stone Mining
32:55 Treadmill Crane
Garabatov
10:48 Feudal Age
12:05 Loom
15:29 Castle Age
14:18 Double-Bit Axe
14:16 Horse Collar
16:49 Bow Saw
17:31 Wheelbarrow
22:03 Town Watch
26:08 Bloodlines
29:12 Padded Archer Armor
29:27 Heavy Plow
32:05 Hand Cart
35:32 Imperial Age
33:26 Husbandry
Connection lost

Rejoining the realm…

Still unreachable

The connection could not be restored.

Session expired

The server has moved on; the page needs a fresh start.